 Dungeon Crawl Stone Soup version 0.28-a0-843-gb979743d38 (webtiles) character file.

Game seed: 17012519094444220477

81 EnegeticOcto the Conjurer (level 4, 0/36 HPs)
             Began as a Draconian Conjurer on Nov 12, 2021.
             Hit by a stone thrown by a gnoll (5 damage)
             ... on level 3 of the Dungeon.
             The game lasted 00:05:10 (2819 turns).

EnegeticOcto the Conjurer (Draconian Conjurer)      Turns: 2819, Time: 00:05:11

Health: 0/36       AC:  5    Str:  9    XL:     4   Next: 20%
Magic:  1/8        EV: 12    Int: 19    God:
Gold:   2          SH:  0    Dex: 10    Spells: 3/9 levels left

rFire   . . .      SeeInvis .   d - +0 dagger (speed)
rCold   . . .      Faith    .   (no shield)
rNeg    . . .      Spirit   .   (armour unavailable)
rPois   .          Reflect  .   (helmet restricted)
rElec   .          Harm     .   (no cloak)
rCorr   .          Rampage  .   (no gloves)
Will    .....                   (no boots)
Stlth   ++........              (no amulet)
HPRegen 0.12/turn               (no ring)
MPRegen 0.11/turn               (no ring)

@: on berserk cooldown, hasted and slowed
A: AC +5, unfitting armour, cold-blooded
a: no special abilities


You were on level 3 of the Dungeon.
You visited 1 branch of the dungeon, and saw 3 of its levels.

You collected 122 gold pieces.
You spent 120 gold pieces at shops.

Inventory:

Hand Weapons
 d - a +0 dagger of speed (weapon)
   (You took it off a goblin on level 1 of the Dungeon)
Jewellery
 f - a +6 ring of intelligence
   (You found it on level 2 of the Dungeon)
Scrolls
 a - a scroll of enchant armour {unknown}
 b - a scroll of fear {!r}
 c - a scroll of teleportation {@r3 !r}
 e - 2 scrolls of fog {!r}
 h - a scroll of enchant weapon {unknown}
 i - a scroll of magic mapping {@r5 !r}
Potions
 g - a potion of haste {@q4 !q}
 k - a potion of flight


   Skills:
 - Level 2.0 Fighting
 - Level 1.7 Dodging
 - Level 3.0 Stealth
 + Level 3.0 Spellcasting
 - Level 4.0 Conjurations


You had 3 spell levels left.
You knew the following spells:

 Your Spells              Type           Power      Damage    Failure   Level
a - Magic Dart            Conj           72%        1d6       3%          1
b - Searing Ray           Conj           36%        2d5       4%          2
c - Dazzling Flash        Conj/Hex       20%        N/A       21%         3

Your spell library contained the following spells:

 Spells                   Type           Power      Damage    Failure   Level
 Inner Flame              Hex/Fire       2%         N/A       41%         3
 Fulminant Prism          Conj/Hex       5%         3d7       54%         4
 Iskenderun's Mystic Bla  Conj/Tloc      10%        2d4       54%         4
 Cause Fear               Hex            1%         N/A       83%         4
 Discord                  Hex            1%         N/A       100%        8


Dungeon Overview and Level Annotations

Branches:
Dungeon (3/15)

Altars:

Shops:
D:3 ?([


Innate Abilities, Weirdness & Mutations

Your plain brown scales are hard. (AC +5)
You cannot fit into any form of body armour.
You are cold-blooded and may be slowed by cold attacks.


Message History

Aiming: Searing Ray (safe; 4% risk of failure)
Press: ? - help, Shift-Dir - straight line, f/p - gnoll
Aim: a gnoll, wielding a +0 halberd, wearing a +0 ring mail, quivering stones and carrying a wand of charming (9) (heavily wounded, 84% to hit)
The searing ray hits the gnoll.
The gnoll is almost dead. (Press . to maintain the ray.)
The gnoll throws a stone.
The stone hits you but does no damage.
The searing ray hits the gnoll but does no damage.
The gnoll is almost dead.
The gnoll zaps a wand.
Your will is overpowered!
You are confused.
Press: ? - help, v - describe, . - travel The floor.
You bump into the rock wall.
The gnoll throws a stone.
The stone closely misses you.
You bump into the rock wall.
The gnoll zaps a wand.
Your will is overpowered!
You are more confused.
The gnoll hits you with a +0 halberd. The worm barely misses you.
You closely miss the worm. The gnoll barely misses you.
You barely miss the gnoll.
Your tail-slap misses the gnoll.
The gnoll is almost dead.
The gnoll zaps a wand.
Your will is overpowered!
You are more confused.
You hit the worm.
The worm is lightly wounded.
The worm bites you.
You closely miss the gnoll.
Your tail-slap misses the gnoll.
The gnoll is almost dead.
The gnoll misses you.
You hit the gnoll but do no damage.
Your tail-slap misses the gnoll.
The gnoll is almost dead.
The worm closely misses you.
You hit the gnoll but do no damage.
The gnoll is almost dead.
The gnoll zaps a wand.
You resist with some effort.
You bump into the rock wall.
The gnoll zaps a wand.
You resist with some effort. The worm bites you but does no damage.
You hit the gnoll but do no damage.
The gnoll is almost dead.
The gnoll closely misses you.
You bump into the rock wall.
The gnoll barely misses you. The worm closely misses you.
You hit the gnoll but do no damage.
Your tail-slap misses the gnoll.
The gnoll is almost dead.
The gnoll zaps a wand.
You resist with some effort.
You bump into the rock wall.
The gnoll zaps a wand.
Your will is overpowered!
You are more confused.
The worm bites you.
You're too confused to move!
The gnoll zaps a wand.
Your will is overpowered!
You are more confused.
You bump into the rock wall.
The worm barely misses you. The gnoll closely misses you.
The gnoll zaps a wand.
You resist with some effort.
The now-empty wand crumbles to dust.
You bump into the rock wall.
The gnoll hits you with a +0 halberd!
You bump into the rock wall.
The gnoll hits you with a +0 halberd!
* * * LOW HITPOINT WARNING * * *
You are too confused!
Unknown command.
A red film seems to cover your vision as you go berserk!
You feel yourself moving faster!
You feel mighty! The worm closely misses you. The gnoll closely misses you.
You bump into the rock wall.
You feel a strong urge to attack something.
The worm bites you.
* * * LOW HITPOINT WARNING * * *
You bump into the rock wall.
The gnoll barely misses you.
You hit the worm.
The worm is moderately wounded.
You bump into the rock wall.
The gnoll closely misses you. The worm barely misses you.
You feel a strong urge to attack something.
You are no longer berserk.
You are exhausted.
You feel yourself slow down. The gnoll hits you with a +0 halberd.
* * * LOW HITPOINT WARNING * * *
Press: ? - help, v - describe, . - travel
Here: a gnoll, wielding a +0 halberd, wearing a +0 ring mail and quivering stones (severely wounded)
The floor, spattered with blood.
It was a potion of haste.
You feel yourself speed up. The gnoll barely misses you.
You bump into the rock wall.
The gnoll closely misses you. The worm bites you but does no damage.
It was a potion of curing.
You feel better. The gnoll barely misses you.
The gnoll hits you with a +0 halberd.
* * * LOW HITPOINT WARNING * * *
The gnoll throws a stone.
The stone closely misses you.
The gnoll throws a stone.
The stone hits you.
* * * LOW HITPOINT WARNING * * *
The gnoll throws a stone.
The stone barely misses you.
Casting: Searing Ray (safe; 4% risk of failure)
Confirm with . or Enter, or press ? or * to list all spells.
Aiming: Searing Ray (safe; 4% risk of failure)
Press: ? - help, Shift-Dir - straight line, f/p - gnoll
Aim: a gnoll, wielding a +0 halberd, wearing a +0 ring mail and quivering stones (severely wounded, 84% to hit)
The searing ray hits the gnoll but does no damage.
The gnoll is severely wounded. (Press . to maintain the ray.)
The gnoll throws a stone.
The stone hits you.
You die...

''### #####...##......# #...#.##.
....# ###....# ∩.# #.#.#.#..
..8.#########.####...####.#.##...
♣♣..#.........#.......##..#..#...
♣♣..#...#####.#.##....##.###.##..
.[8.# #.# ##.#.# .###..#(#..###
....# #.# #w...#####...##.##...#
''### #.####g#####....###...###..
..# ##.#.......@..####...⌠..[###
.#####.....#######....###...###..
.##....###.# ####...##.##...#
....#### #.# #...###..#.#..###
#...# #.# #.....##.#.#†#### #...#
#.### #.>....#.....#... #...#
#...####......##...##... #...#
##.∩##........##.).###.. #...#
##.#.......#..#...# ##.


You could see a gnoll.

Vanquished Creatures
  3 adders
  2 worms
  2 orcs (D:3)
  A bat (D:1)
  7 endoplasms
  3 goblins
  3 hobgoblins
  A kobold (D:3)
  3 quokkas
  9 ball pythons
  4 frilled lizards
  6 rats
44 creatures vanquished.

Notes
Turn   | Place    | Note
-------+----------+-------------------------------------------
     0 | D:1      | EnegeticOcto the Draconian Conjurer began the quest for the
                  | Orb.
     0 | D:1      | Reached XP level 1. HP: 14/14 MP: 3/3
    24 | D:1      | Reached skill level 2 in Stealth
   358 | D:1      | Reached XP level 2. HP: 20/20 MP: 1/5
   675 | D:1      | Found a faded altar of an unknown god.
   708 | D:1      | Reached skill level 3 in Stealth
   711 | D:1      | Learned a level 2 spell: Searing Ray
  1249 | D:2      | Reached skill level 1 in Fighting
  1249 | D:2      | Reached XP level 3. HP: 28/28 MP: 2/6
  2435 | D:3      | Reached skill level 2 in Fighting
  2479 | D:3      | Reached XP level 4. HP: 36/36 MP: 4/8
  2518 | D:3      | Learned a level 3 spell: Dazzling Flash
  2606 | D:3      | Found Etiatial's Antique Weapon Shop.
  2614 | D:3      | Found Quxzaig's Magic Scroll Emporium.
  2623 | D:3      | Reached skill level 3 in Spellcasting
  2684 | D:3      | Bought 3 scrolls of identify for 72 gold pieces
  2684 | D:3      | Bought a scroll of identify for 24 gold pieces
  2684 | D:3      | Bought a scroll of fog for 24 gold pieces
  2774 | D:3      | Found Digiorgha's Antique Armour Shop.
  2819 | D:3      | Hit by a stone thrown by a gnoll

Illustrated notes

Levels and vault maps discovered:
D:1:      mainiacjoe_arrival_reflecting_pool, layout_loops_ring,
          dreamdust_ecumenical_altar_angels_and_demons
D:2:      layout_basic
D:3:      minmay_general_purpose_star, layout_rooms, serial_shops,
          nicolae_shop_trees, shop, shop, shop, shop, kennysheep_generic_room_15

Skill      XL: |  1  2  3  4 |
---------------+-------------+-----
Stealth        | 2 3 |  3.0
Fighting       | 1 2 |  2.0
Spellcasting   | 3 |  3.0
Dodging        | |  1.7
Conjurations   | |  4.0

Action                   |  1- 3 |  4- 6 || total
-------------------------+-------+-------++-------
Melee: Dagger            |    10 |     9 ||    19
       Tailslap          |     5 |       ||     5
 Cast: Magic Dart        |    69 |    11 ||    80
       Searing Ray       |     5 |     4 ||     9
  Use: Scroll            |       |     6 ||     6
       Potion            |       |     3 ||     3
Armor: Skin              |     2 |     3 ||     5
Dodge: Dodged            |     2 |    22 ||    24

Table legend: (Time is in decaauts)
 A = Elapsed time spent in this place.
 B = Non-inter-level travel time spent in this place.
 C = Inter-level travel time spent in this place.
 D = Time resting spent in this place.
 E = Time spent auto-exploring this place.
 F = Levels seen in this place.
 G = Mean time per level.
                   A        B        C        D        E       F      G
               +--------+--------+--------+--------+--------+-----+--------+
         Total |   2810 |   2774 |     36 |    162 |   2272 |   3 |  936.7 |
       Dungeon |   2810 |   2774 |     36 |    162 |   2272 |   3 |  936.7 |
               +--------+--------+--------+--------+--------+-----+--------+

Top non-repeatable levels by time:
     D:1: 1155 daAuts
     D:3: 903 daAuts
     D:2: 751 daAuts
